 Dungeon Crawl Stone Soup version 0.31-a0-662-g684573625c (webtiles) character file.

Game seed: 8725891147562191398

529 javelincjr the Conjurer (level 7, -9/46 HPs)
             Began as a Demonspawn Conjurer on Aug 31, 2023.
             Mangled by an ogre
             ... wielding a +0 giant club
              (19 damage)
             ... on level 5 of the Dungeon.
             The game lasted 00:18:59 (4118 turns).

javelincjr the Conjurer (Demonspawn Conjurer)       Turns: 4118, Time: 00:19:00

Health: -9/46      AC:  4    Str:  7    XL:     7   Next: 3%
Magic:  3/13       EV: 12    Int: 22    God:
Gold:   256        SH:  8    Dex: 11    Spells: 11/14 levels left

rFire   . . .        k - +0 dagger (venom)
rCold   . . .        g - +0 buckler
rNeg    . . .        a - +0 robe
rPois   .            m - +0 helmet
rElec   .            (no cloak)
rCorr   .            (no gloves)
SInv    .            (no boots)
Will    .....        (no amulet)
Stlth   ++           (no ring)
HPRegen 0.27/turn    (no ring)
MPRegen 0.13/turn

%: no passive effects
@: lethally poisoned (-9 -> -10)
A: hooves 1, sharp scales 1, condensation shield, demonic magic 1
a: no special abilities


You were on level 5 of the Dungeon.
You visited 1 branch of the dungeon, and saw 5 of its levels.

You collected 256 gold pieces.

Inventory:

Hand Weapons
 j - a +0 whip
 k - a +0 dagger of venom (weapon)
Missiles
 t - 6 javelins
Armour
 a - a +0 robe (worn)
 g - a +0 buckler (worn)
 i - a +0 kite shield
 m - a +0 helmet (worn)
Jewellery
 u - an amulet of faith
 w - an amulet of reflection
Scrolls
 c - 2 scrolls of enchant armour {unknown}
 d - 2 scrolls of enchant weapon {unknown}
 e - 2 scrolls of poison {unknown}
 f - 2 scrolls of teleportation {unknown}
 h - 3 scrolls of identify {unknown}
 r - a scroll of vulnerability {unknown}
 s - a scroll of butterflies {unknown}
 v - a scroll of fear {unknown}
Potions
 b - 2 potions of magic
 l - a potion of ambrosia {unknown}
 n - a potion of haste {unknown}
 o - 2 potions of curing {unknown}
 p - a potion of berserk rage {unknown}
 q - a potion of attraction {unknown}


   Skills:
 + Level 3.2 Dodging
 + Level 3.5 Stealth
 + Level 2.1 Shields
 * Level 4.3 Spellcasting
 + Level 5.0 Conjurations


You had 11 spell levels left.
You knew the following spells:

 Your Spells              Type           Power      Damage    Failure   Level
a - Magic Dart            Conj           100%       1d8       2%          1
b - Searing Ray           Conj           52%        2d6       3%          2

Your spell library contained the following spells:

 Spells                   Type           Power      Damage    Failure   Level
 Apportation              Tloc           8%         N/A       17%         1
 Necrotise                Necr           16%        1d4       17%         1
 Summon Small Mammal      Summ           16%        N/A       17%         1
 Dazzling Flash           Conj/Hex       30%        N/A       19%         3
 Fulminant Prism          Conj/Hex       7%         3d7       52%         4
 Iskenderun's Mystic Bla  Conj/Tloc      15%        2d5       52%         4


Dungeon Overview and Level Annotations

Branches:
Dungeon (5/15)
 Temple: D:4-7

Altars:

Shops:
D:2 (

Annotations:
D:4 3 runed translucent doors, bchevrier's ghost, novice GnWn


Innate Abilities, Weirdness & Mutations

You have large cloven feet.
You are partially covered in razor-sharp scales. (AC +1, Slay +1)
A meltable shield of frost defends you. (SH +4)
Spells you cast may paralyse adjacent enemies.


Message History

The searing ray hits the hound.
The hound is lightly wounded. (Press . to maintain the ray.) Malevolent energies surge around you.
You feel sick. The water moccasin bites you.
* * * LOW HITPOINT WARNING * * *
The searing ray hits the water moccasin!
You kill the water moccasin!
The searing ray hits the ogre.
The ogre is moderately wounded.
The searing ray hits the hound!
The hound is heavily wounded.
You feel sick.
Your Shields skill increases to level 2!
Your Conjurations skill increases to level 5!
The searing ray hits the ogre.
The ogre is heavily wounded.
The searing ray hits the hound!
The hound is almost dead.
You feel sick. The ogre completely misses you.
The searing ray hits the ogre!
The ogre is severely wounded.
The searing ray hits the hound.
You kill the hound!
You finish channelling your searing ray.
You feel sick.
You have reached level 7!
Your demonic ancestry asserts itself...
Your feet thicken and deform.
Casting: Searing Ray (safe; 3% risk of failure)
Confirm with . or Enter, or press ? or * to list all spells.
Aiming: Searing Ray (safe; 3% risk of failure)
Press: ? - help, Shift-Dir - straight line, f - ogre
Aim: an ogre, wielding a +0 giant club (severely wounded, 90% to hit)
The searing ray hits the ogre.
The ogre is almost dead. (Press . to maintain the ray.) Malevolent energies surge around you.
You feel sick.
The ogre hits you with a +0 giant club!!
You die...

#.....
#....##
.....
|.. #.#
#.# #†#
#O# #@#
#.#
###.###
#.<...#
#.###.#
... ...
###.
#... #.
..#. ..
.#


You could see an ogre.

Vanquished Creatures
  Menkaure (D:4)
  A water moccasin (D:5)
  A scorpion (D:4)
  2 hounds
  An orc wizard (D:4)
  8 adders
  3 worms
  2 dart slugs
  9 orcs
  6 ball pythons
  A bat (D:3)
  4 endoplasms
  4 giant cockroaches
  7 hobgoblins
  3 jackals (D:4)
  3 kobolds
  5 frilled lizards
  4 goblins
  11 rats
76 creatures vanquished.

Notes
Turn   | Place    | Note
-------+----------+-------------------------------------------
     0 | D:1      | javelincjr the Demonspawn Conjurer began the quest for the
                  | Orb.
     0 | D:1      | Reached XP level 1. HP: 13/13 MP: 3/3
   203 | D:1      | Gained mutation: Spells you cast may paralyse adjacent
                  | enemies. [demonic ancestry]
   203 | D:1      | Reached XP level 2. HP: 19/19 MP: 1/5
  1515 | D:2      | Reached XP level 3. HP: 24/24 MP: 2/6
  1755 | D:2      | Found Rocwea's Antique Weapon Boutique.
  2607 | D:3      | Gained mutation: A meltable shield of frost defends you.
                  | (SH +4) [demonic ancestry]
  2607 | D:3      | Reached XP level 4. HP: 12/30 MP: 5/8
  3134 | D:4      | Noticed Menkaure
  3219 | D:4      | Killed Menkaure
  3220 | D:4      | Reached skill level 1 in Shields
  3220 | D:4      | Reached XP level 5. HP: 35/35 MP: 3/10
  3332 | D:4      | Gained mutation: You are partially covered in razor-sharp
                  | scales. (AC +1, Slay +1) [demonic ancestry]
  3332 | D:4      | Reached XP level 6. HP: 41/41 MP: 5/11
  3407 | D:4      | Found a runed translucent gate.
  3413 | D:4      | Found a runed translucent gate.
  3413 | D:4      | Found a runed translucent gate.
  4065 | D:4      | Noticed bchevrier's ghost (novice GnWn)
  4075 | D:4      | Learned a level 2 spell: Searing Ray
  4099 | D:5      | Entered Level 5 of the Dungeon
  4106 | D:5      | Noticed a water moccasin
  4115 | D:5      | Killed a water moccasin
  4116 | D:5      | Reached skill level 5 in Conjurations
  4118 | D:5      | Gained mutation: You have large cloven feet. [demonic
                  | ancestry]
  4118 | D:5      | Reached XP level 7. HP: 11/46 MP: 5/13
  4118 | D:5      | Mangled by an ogre

Illustrated notes

Levels and vault maps discovered:
D:1:      dpeg_arrival_stonehenge_8_columns, layout_basic, serial_rivers,
          chequers_serial_rivers_micro_e, chequers_serial_rivers_small_b,
          chequers_serial_rivers_room_b, chequers_serial_rivers_marsh,
          chequers_serial_rivers_micro_b
D:2:      layout_basic, serial_shops, shop
D:3:      layout_loops_corners, tso_altar
D:4:      layout_loops_ring, gammafunk_ghost_necromancy, uniq_menkaure
D:5:      layout_loops_ring, serial_shops, shop, kennysheep_mini_moat,
          shop_fountains, nicolae_shop_hallway_stairs,
          nicolae_shop_back_alley_shop, minivault_1, minmay_joined_circles,
          uniq_duvessa, uniq_grinder

Skill      XL: |  1  2  3  4  5  6 |
---------------+-------------------+-----
Stealth        | 2 3 |  3.5
Dodging        | 2 3 |  3.2
Spellcasting   | 3 4 |  4.3
Shields        | 1 2 |  2.1
Conjurations   | 5 |  5.0

Action                     |  1- 3 |  4- 6 |  7- 9 || total
---------------------------+-------+-------+-------++-------
  Melee: Unarmed           |    25 |       |       ||    25
         Whip              |    10 |       |       ||    10
         Dagger            |    18 |    31 |       ||    49
   Cast: Magic Dart        |    83 |    61 |       ||   144
         Searing Ray       |       |     1 |     1 ||     2
   Stab: Paralysed         |    14 |    27 |       ||    41
         Sleeping          |     2 |       |       ||     2
 Armour: Robe              |    23 |    14 |     1 ||    38
  Dodge: Dodged            |    18 |    17 |       ||    35
  Block: Buckler           |     6 |    12 |       ||    18

Table legend: (Time is in decaauts)
 A = Elapsed time spent in this place.
 B = Non-inter-level travel time spent in this place.
 C = Inter-level travel time spent in this place.
 D = Time resting spent in this place.
 E = Time spent auto-exploring this place.
 F = Levels seen in this place.
 G = Mean time per level.
                   A        B        C        D        E       F      G
               +--------+--------+--------+--------+--------+-----+--------+
         Total |   4130 |   4034 |     96 |     38 |   3172 |   5 |  826.0 |
       Dungeon |   4130 |   4034 |     96 |     38 |   3172 |   5 |  826.0 |
               +--------+--------+--------+--------+--------+-----+--------+

Top non-repeatable levels by time:
     D:3: 1238 daAuts
     D:1: 1032 daAuts
     D:4: 936 daAuts
     D:2: 904 daAuts
     D:5: 18 daAuts
